 Dungeon Crawl Stone Soup version 0.30.1-9-gdf580d7c3d (webtiles) character file.

Game seed: 9245438154389517080

58 KittyFluff the Chopper (level 3, 0/33 HPs)
             Began as a Minotaur Berserker on Oct 13, 2023.
             Was a Follower of Trog.
             Slain by an orc wizard
             ... wielding a +1 dagger of speed
              (4 damage)
             ... on level 3 of the Dungeon.
             The game lasted 00:05:57 (1435 turns).

KittyFluff the Chopper (Minotaur Berserker)         Turns: 1435, Time: 00:05:58

Health: 0/33       AC:  3    Str: 23    XL:     3   Next: 76%
Magic:  2/2        EV: 17    Int:  4    God:    Trog [*.....]
Gold:   178        SH:  3    Dex: 15    Spells: 2/2 levels left

rFire   . . .        a - +0 hand axe
rCold   . . .        e - +0 buckler
rNeg    . . .        m - +0 leather armour
rPois   .            (helmet restricted)
rElec   .            (no cloak)
rCorr   .            (no gloves)
SInv    .            (no boots)
Will    .....        (no amulet)
Stlth   +            c - +5 ring of evasion
HPRegen 0.25/turn    k - +6 ring of dexterity
MPRegen 0.08/turn

%: no passive effects
@: no status effects
A: horns 2, retaliatory headbutt
a: Renounce Religion, Berserk


You were on level 3 of the Dungeon.
You worshipped Trog.
Trog was aware of your devotion.
You visited 1 branch of the dungeon, and saw 3 of its levels.

You collected 178 gold pieces.

Inventory:

Hand Weapons
 a - a +0 hand axe (weapon)
Missiles
 j - 2 poisoned darts (quivered)
Armour
 e - a +0 buckler (worn)
 m - a +0 leather armour (worn)
Jewellery
 c - a +5 ring of evasion (left hand)
 k - a +6 ring of dexterity (right hand)
Scrolls
 f - a scroll of identify {unknown}
 h - a scroll of poison {unknown}
 i - a scroll of vulnerability {unknown}
 l - a scroll of blinking {unknown}
Potions
 b - a potion of heal wounds {unknown}
 d - a potion of flight {unknown}
 g - a potion of might {unknown}
 n - a potion of degeneration {unknown}
 o - a potion of curing {unknown}


   Skills:
 + Level 4.1 Fighting
 * Level 4.5 Axes
 * Level 3.4 Armour
 + Level 2.6 Dodging


You had 2 spell levels left.
You didn't know any spells.
Your spell library was empty.

Dungeon Overview and Level Annotations

Branches:
Dungeon (3/15)

Altars:


Innate Abilities, Weirdness & Mutations

You have a pair of horns on your head.
You reflexively headbutt those who attack you in melee.


Message History

The orc hits you with a +0 short sword.
You hit the orc.
You kill the orc!
Trog accepts your kill.
You bump into the rock wall.
The orc wizard points at you and mumbles some strange words.
The magic dart hits you!
You miss the orc wizard. The orc wizard misses you.
You bump into the rock wall.
The orc wizard points at you and mumbles some strange words.
The magic dart hits you.
You bump into the rock wall.
The orc wizard hits you but does no damage.
The orc wizard closely misses you.
You are too confused!
The orc wizard attacks as you move away!
The orc wizard hits you with a +1 dagger of speed.
The orc wizard casts a spell at you. The magic dart hits you.
* * * LOW HITPOINT WARNING * * *
You feel less confused.
You barely miss the orc. You headbutt the orc.
You kill the orc!
Trog accepts your kill.
You closely miss the orc wizard.
The orc wizard casts a spell.
The orc wizard flickers and vanishes!
Deactivating autopickup; reactivate with Ctrl-A.
You barely miss something.
You hear some strange, mumbled words.
A magic dart appears from out of thin air!
The magic dart hits you.
* * * LOW HITPOINT WARNING * * *
You hit something. Something hits you.
* * * LOW HITPOINT WARNING * * *
Something barely misses you.
You closely miss something. Something hits you.
* * * LOW HITPOINT WARNING * * *
Something hits you.
You die...

#..# #..# ....#
#..# #.#.# #...
.... #..# #.# ?
#..#.... ..
#..#.#.# .!.
#....#.# ...#
#.@###.###....#
#.{)).).......#
#..####<)..#...
##.. ##)..# ##.
...# .. ...# ..
..## ... ..#
..#


There were no monsters in sight!

Vanquished Creatures
  2 adders (D:2)
  2 dart slugs (D:2)
  5 orcs (D:3)
  3 ball pythons (D:1)
  An endoplasm (D:2)
  A giant cockroach (D:1)
  3 hobgoblins (D:2)
  8 kobolds (D:2)
  A frilled lizard (D:2)
  3 goblins (D:2)
  2 rats (D:2)
31 creatures vanquished.

Notes
Turn   | Place    | Note
-------+----------+-------------------------------------------
     0 | D:1      | KittyFluff the Minotaur Berserker began the quest for the
                  | Orb.
     0 | D:1      | Reached XP level 1. HP: 19/19 MP: 0/0
   692 | D:2      | Reached XP level 2. HP: 27/27 MP: 1/1
  1023 | D:2      | Found a faded altar of an unknown god.
  1098 | D:2      | Reached XP level 3. HP: 29/33 MP: 2/2
  1435 | D:3      | Slain by an orc wizard

Illustrated notes

Levels and vault maps discovered:
D:1:      dpeg_arrival_concentric_ovals, layout_loops_ring,
          roderic_roman_lattice
D:2:      layout_loops_cross, nicolae_ecumenical_oubliette
D:3:      layout_basic, nicolae_overflow_ecumenical_swirl,
          minmay_misc_feat_roman, uniq_terence, uniq_crazy_yiuf_cottage

Skill      XL: |  1  2  3 |
---------------+----------+-----
Axes           | 4 |  4.5
Armour         | 3 |  3.4
Fighting       | 4 |  4.1
Dodging        | |  2.6

Action                     || total
---------------------------++-------
  Melee: Hand axe          ||    88
         Headbutt          ||    10
 Armour: Animal skin       ||     3
         Leather armour    ||     3
  Dodge: Dodged            ||    59
  Block: Buckler           ||    16
